 Dungeon Crawl Stone Soup version 0.31-a0-559-g03b8d61ab2 (webtiles) character file.

Game seed: 11151526506198237340

529 Morbidden the Chopper (level 7, 0/53 HPs)
             Began as a Demonspawn Fighter on Aug 17, 2023.
             Was an Initiate of Cheibriados.
             Killed by divine providence
             ... invoked by an orc priest
              (16 damage)
             ... on level 4 of the Dungeon.
             The game lasted 00:03:03 (2693 turns).

Morbidden the Chopper (Demonspawn Fighter)          Turns: 2693, Time: 00:03:03

Health: 0/53       AC: 10    Str: 14 (17) XL:     7   Next: 3%
Magic:  9/9        EV:  9    Int: 12 (13) God:    Cheibriados [......]
Gold:   184        SH:  4    Dex: 12 (13) Spells: 9/9 levels left

rFire   . . .        b - +4 flail (heavy)
rCold   . . .        c - +0 buckler
rNeg    . . .        i - +0 scale mail
rPois   .            (no helmet)
rElec   .            (no cloak)
rCorr   .            j - +0 pair of gloves
SInv    .            (no boots)
Will    .....        (no amulet) Stlth
                     (no ring)
HPRegen 0.28/turn    (no ring)
MPRegen 0.11/turn

%: no passive effects
@: very slow
A: icy blue scales 1, powered by pain 1
a: Renounce Religion


You were on level 4 of the Dungeon.
You worshipped Cheibriados.
Cheibriados was noncommittal.
You visited 1 branch of the dungeon, and saw 4 of its levels.

You collected 184 gold pieces.

Inventory:

Hand Weapons
 a - a +0 war axe
 b - a +4 heavy flail (weapon)
Armour
 c - a +0 buckler (worn)
 i - a +0 scale mail (worn)
 j - a +0 pair of gloves (worn)
Wands
 k - a wand of flame (25)
 u - a wand of polymorph (6)
Scrolls
 e - 2 scrolls of immolation {unknown}
 f - 5 scrolls of identify {unknown}
 g - a scroll of enchant armour {unknown}
 n - a scroll of teleportation {unknown}
 q - a scroll of enchant weapon {unknown}
 r - a scroll of amnesia {unknown}
Potions
 d - a potion of might
 h - 2 potions of degeneration
 l - a potion of mutation {unknown}
 m - a potion of invisibility {unknown}
 o - a potion of brilliance {unknown}
 p - a potion of curing {unknown}
 s - a potion of cancellation {unknown}
 t - a potion of heal wounds


   Skills:
 * Level 3.9 Fighting
 * Level 4.8 Axes
 * Level 3.7 Armour
 * Level 1.6 Dodging
 + Level 0.1 Stealth
 * Level 3.3 Shields
 * Level 1.6 Spellcasting


You had 9 spell levels left.
You didn't know any spells.
Your spell library contained the following spells:

 Spells                   Type           Power      Damage    Failure   Level
 Apportation              Tloc           0%         N/A       83%         1
 Sandblast                Erth           0%         2d4       83%         1
 Blink                    Tloc           0%         N/A       93%         2
 Lesser Beckoning         Tloc           0%         N/A       93%         2
 Momentum Strike          Conj/Tloc      0%         3d8       93%         2
 Passwall                 Tmut/Erth      0%         N/A       93%         2
 Gell's Gravitas          Tloc           0%         N/A       99%         3
 Stone Arrow              Conj/Erth      0%         3d7       99%         3
 Teleport Other           Tloc           0%         N/A       99%         3
 Anguish                  Hex/Necr       0%         N/A       100%        4
 Cause Fear               Hex            0%         N/A       100%        4
 Alistair's Intoxication  Tmut/Pois      0%         N/A       100%        5
 Enfeeble                 Hex            0%         N/A       100%        7


Dungeon Overview and Level Annotations

Branches:
Dungeon (4/15)
 Temple: D:4-7

Altars:
Cheibriados
Ru

Shops:
D:2 :   D:3 ?


Innate Abilities, Weirdness & Mutations

You are partially covered in icy blue scales. (AC +2)
You sometimes gain a little power by taking damage.


Message History

The puff of flame misses the orc warrior.
The orc hits you with a +0 whip.
The orc warrior hits you with a +0 hand axe!
* * * LOW HITPOINT WARNING * * *
You block the orc priest's attack.
Unknown command.
You feel much better. The orc hits you but does no damage.
The orc priest calls upon Beogh to heal the orc warrior.
The orc warrior is healed somewhat.
The orc warrior closely misses you.
You sock the orc priest!
The orc priest is heavily wounded.
The orc hits you but does no damage.
The orc warrior hits you with a +0 hand axe.
The orc priest hits you but does no damage.
The orc hits you with a +0 whip.
The orc priest hits you but does no damage.
The orc warrior closely misses you.
You completely miss the orc priest.
The orc priest is heavily wounded.
You block the orc's attack.
The orc warrior hits you but does no damage.
The orc priest miscasts a cantrip.
The orc hits you but does no damage.
The orc warrior hits you with a +0 hand axe.
The orc priest miscasts a cantrip.
You barely miss the orc priest.
The orc priest is heavily wounded.
The orc hits you but does no damage. The orc warrior closely misses you.
You block the orc priest's attack.
Unknown command.
Unknown command.
You closely miss the orc priest.
The orc priest is heavily wounded.
The orc warrior hits you with a +0 hand axe!
The orc hits you but does no damage.
The orc priest hits you with a +0 flail.
The orc warrior barely misses you. The orc misses you.
The orc priest invokes the aid of Beogh against you.
Beogh smites you!
You die...

.# ##### .#
#####...###.#
#..........#
###
...........#
##.##
......oo..#
##....
......o@..#
#.....
########).#
##..... #..#
##..#### #..#
##..## # ##.#
##..## # #.#
##..## ##
#.####..## #.
### #......##
##. ..##
#.....## #..


You could see an orc warrior, an orc priest and an orc.

Vanquished Creatures
  Sigmund (D:2)
  Edmund (D:4)
  2 orc priests
  Jessica (D:3)
  An iguana (D:4)
  Terence (D:2)
  An orc wizard (D:3)
  2 adders
  7 dart slugs
  3 orcs (D:3)
  6 endoplasms
  A giant cockroach (D:1)
  10 goblins
  6 hobgoblins
  A jackal (D:1)
  7 kobolds
  A quokka (D:2)
  4 ball pythons
  A bat (D:1)
  4 frilled lizards
  7 rats
68 creatures vanquished.

Notes
Turn   | Place    | Note
-------+----------+-------------------------------------------
     0 | D:1      | Morbidden the Demonspawn Fighter began the quest for the
                  | Orb.
     0 | D:1      | Reached XP level 1. HP: 18/18 MP: 1/1
   119 | D:1      | Gained mutation: You are partially covered in icy blue
                  | scales. (AC +2) [demonic ancestry]
   119 | D:1      | Reached XP level 2. HP: 14/24 MP: 2/2
   265 | D:1      | Reached skill level 2 in Axes
   492 | D:1      | Gained mutation: You sometimes gain a little power by
                  | taking damage. [demonic ancestry]
   492 | D:1      | Reached XP level 3. HP: 29/29 MP: 3/3
   643 | D:2      | Noticed Sigmund
   674 | D:2      | Killed Sigmund
   675 | D:2      | Reached skill level 3 in Axes
   675 | D:2      | Reached skill level 1 in Dodging
   675 | D:2      | Reached skill level 1 in Spellcasting
   675 | D:2      | Reached XP level 4. HP: 11/37 MP: 5/5
   675 | D:2      | Reached XP level 5. HP: 13/42 MP: 6/6
  1242 | D:2      | Noticed Terence
  1251 | D:2      | Killed Terence
  1446 | D:2      | Found Piocoz's Book Boutique.
  1529 | D:3      | Reached XP level 6. HP: 48/48 MP: 7/7
  1750 | D:3      | Found a sacrificial altar of Ru.
  1822 | D:3      | Reached skill level 4 in Axes
  1949 | D:3      | Noticed Jessica
  1959 | D:3      | Killed Jessica
  2015 | D:3      | Found The Oracle's Delphic Readings.
  2218 | D:4      | Noticed Edmund
  2252 | D:4      | Killed Edmund
  2435 | D:4      | Found a snail-covered altar of Cheibriados.
  2445 | D:4      | Became a worshipper of Cheibriados the Contemplative
  2680 | D:4      | Reached XP level 7. HP: 53/53 MP: 9/9
  2693 | D:4      | Killed from afar by an orc priest

Illustrated notes

Levels and vault maps discovered:
D:1:      zelgadis_glass_arrival_small, layout_rooms, minmay_octomino_j4
D:2:      layout_loops_ring, serial_shops, nicolae_diamond_shop,
          roderic_serpentine_path, uniq_sigmund, uniq_terence
D:3:      layout_basic, nicolae_ru_awakened_eye, nicolae_nh_oracle_at_delphi,
          uniq_jessica
D:4:      kennysheep_slugbush, layout_layer_cave,
          pdpol_temple_overflow_zin_treasury_gozag_greed,
          mainiacjoe_overflow_tiny_flanked, uniq_edmund

Skill      XL: |  1  2  3  4  5  6 |
---------------+-------------------+-----
Axes           | 2 3 4 |  4.8
Armour         | 3 |  3.7
Dodging        | 1 |  1.6
Shields        | 3 |  3.3
Spellcasting   | 1 |  1.6
Fighting       | |  3.9
Stealth        | |  0.1

Action                     |  1- 3 |  4- 6 |  7- 9 || total
---------------------------+-------+-------+-------++-------
  Melee: War axe           |    90 |   144 |       ||   234
         Flail             |       |     5 |     8 ||    13
  Evoke: Wand              |       |       |     3 ||     3
    Use: Potion            |       |     3 |     1 ||     4
 Armour: Scale mail        |    38 |    67 |    13 ||   118
         Skin              |       |    11 |       ||    11
  Dodge: Dodged            |    22 |    49 |    11 ||    82
  Block: Buckler           |    27 |    27 |     7 ||    61

Table legend: (Time is in decaauts)
 A = Elapsed time spent in this place.
 B = Non-inter-level travel time spent in this place.
 C = Inter-level travel time spent in this place.
 D = Time resting spent in this place.
 E = Time spent auto-exploring this place.
 F = Levels seen in this place.
 G = Mean time per level.
                   A        B        C        D        E       F      G
               +--------+--------+--------+--------+--------+-----+--------+
         Total |   2856 |   2810 |     46 |    506 |   1710 |   4 |  714.0 |
       Dungeon |   2856 |   2810 |     46 |    506 |   1710 |   4 |  714.0 |
               +--------+--------+--------+--------+--------+-----+--------+

Top non-repeatable levels by time:
     D:2: 907 daAuts
     D:3: 704 daAuts
     D:1: 670 daAuts
     D:4: 573 daAuts
